 Dungeon Crawl Stone Soup version 0.30-a0-576-g89cddaab80 (webtiles) character file.

Game seed: 8802637932796037025

49 Darkkill the Shooter (level 3, -1/31 HPs)
             Began as a Minotaur Hunter on Dec 30, 2022.
             Slain by a shadow imp (3 damage)
             ... summoned by Natasha
             ... on level 2 of the Dungeon.
             The game lasted 00:00:48 (899 turns).

Darkkill the Shooter (Minotaur Hunter)               Turns: 899, Time: 00:00:48

Health: -1/31      AC:  4    Str: 15    XL:     3   Next: 53%
Magic:  2/2        EV: 12    Int:  6    God:
Gold:   107        SH:  0    Dex: 15    Spells: 2/2 levels left

rFire   . . .      SeeInvis .    a - +0 shortbow
rCold   . . .      Faith    .    (shield currently unavailable)
rNeg    . . .      Spirit   .    c - +1 leather armour
rPois   .          Reflect  .    (helmet restricted)
rElec   .          Harm     .    (no cloak)
rCorr   .          Rampage  .    (no gloves)
Will    .....                    (no boots)
Stlth   ++                       (no amulet)
HPRegen 0.25/turn                (no ring)
MPRegen 0.08/turn                (no ring)

@: slowed, very slow
A: horns 2, retaliatory headbutt
a: no special abilities


You were on level 2 of the Dungeon.
You visited 1 branch of the dungeon, and saw 2 of its levels.

You collected 107 gold pieces.

Inventory:

Hand Weapons
 a - a +0 shortbow (weapon)
Missiles
 e - 3 curare-tipped darts {=f !f}
 f - 21 stones
 g - 4 poisoned darts
 j - 5 javelins
Armour
 c - a +1 leather armour (worn)
Scrolls
 b - a scroll of immolation
Potions
 d - a potion of magic {unknown}
 k - a potion of ambrosia


   Skills:
 + Level 3.1 Fighting
 + Level 4.7 Ranged Weapons
 + Level 2.9 Dodging
 + Level 1.6 Stealth


You had 2 spell levels left.
You didn't know any spells.
Your spell library was empty.

Dungeon Overview and Level Annotations

Branches:
Dungeon (2/15)

Altars:

Annotations:
D:2 Natasha


Innate Abilities, Weirdness & Mutations

You have a pair of horns on your head.
You reflexively headbutt those who attack you in melee.


Message History

Aim: Natasha (heavily wounded, 53% to hit)
You shoot an arrow. The arrow hits Natasha.
Natasha is almost dead.
The white imp hits you. The white imp freezes you.
Natasha mumbles some strange words.
Fire: a) +0 shortbow
Press: ? - help, Q - select action, (/) - cycle Shift-Dir - straight line, f/p - Natasha
Aim: Natasha (almost dead, 53% to hit)
You shoot an arrow. The arrow hits Natasha!
You kill Natasha!
Natasha yowls pathetically as she dies!
The white imp disappears in a puff of smoke!
The white imp disappears in a puff of smoke!
Your Fighting skill increases to level 3!
You have reached level 3!
Your experience leads to an increase in your attributes!
Increase (S)trength, (I)ntelligence, or (D)exterity?
You feel agile. x2
You see here the felid corpse of Natasha.
Why would you want to do that? Why would you want to do that?
There is a faded altar of an unknown god here.
This altar belongs to (a) Jiyva, (b) Gozag or (c) Qazlal, but you can't tell which.
Press the corresponding letter to learn more about a god, or press enter to convert or escape to cancel.
Okay, then.
HP restored.
You now have 93 gold pieces (gained 7).
You now have 105 gold pieces (gained 12).
You now have 107 gold pieces (gained 2).
Natasha, Servant of Life and Death comes into view.
Natasha hisses angrily.
You shoot an arrow. The arrow closely misses Natasha.
Natasha mumbles some strange words.
You shoot an arrow. The arrow closely misses Natasha.
Natasha wildly gestures.
Natasha shimmers violently.
You shoot an arrow. The arrow hits Natasha!
Natasha is severely wounded.
Natasha claws you.
You shoot an arrow. The arrow closely misses Natasha.
Natasha claws you.
The shadow imp hits you but does no damage.
You shoot an arrow. The arrow barely misses Natasha.
Natasha casts a spell at you.
You feel yourself slow down.
The shadow imp hits you but does no damage.
Natasha claws you!
Fire: a) +0 shortbow
Press: ? - help, Q - select action, (/) - cycle Shift-Dir - straight line, f/p - Natasha
Aim: Natasha (severely wounded, 55% to hit)
You shoot an arrow. The arrow barely misses Natasha.
The shadow imp misses you. Natasha claws you.
The shadow imp closely misses you.
Natasha casts a spell.
Fire: a) +0 shortbow
Press: ? - help, Q - select action, (/) - cycle Shift-Dir - straight line, f/p - Natasha
Aim: Natasha (severely wounded, 55% to hit)
You shoot an arrow. The arrow closely misses Natasha.
The shadow imp laughs crazily.
The shadow imp closely misses you.
The crimson imp blinks!
Natasha claws you. The shadow imp hits you.
Fire: a) +0 shortbow
Press: ? - help, Q - select action, (/) - cycle Shift-Dir - straight line, f/p - Natasha
Aim: Natasha (severely wounded, 55% to hit)
You shoot an arrow. The arrow hits Natasha.
Natasha is severely wounded.
Natasha claws you.
* * * LOW HITPOINT WARNING * * *
The shadow imp closely misses you. Natasha claws you but does no damage.
The shadow imp barely misses you.
Fire: a) +0 shortbow
Press: ? - help, Q - select action, (/) - cycle Shift-Dir - straight line, f/p - Natasha
Aim: Natasha (severely wounded, 55% to hit)
You shoot an arrow. The arrow hits Natasha.
Natasha is almost dead.
Natasha claws you.
* * * LOW HITPOINT WARNING * * *
Natasha mumbles some strange words.
Fire: a) +0 shortbow
Press: ? - help, Q - select action, (/) - cycle Shift-Dir - straight line, f/p - Natasha
Aim: Natasha (almost dead, 55% to hit)
You shoot an arrow. The arrow barely misses Natasha.
The crimson imp completely misses you. Natasha barely misses you.
The white imp barely misses you. The shadow imp closely misses you.
The crimson imp hits you.
* * * LOW HITPOINT WARNING * * *
Natasha closely misses you.
The white imp hits you but does no damage.
Fire: a) +0 shortbow
Press: ? - help, Q - select action, (/) - cycle Shift-Dir - straight line, f/p - Natasha
Aim: Natasha (almost dead, 55% to hit)
You shoot an arrow. The arrow closely misses Natasha.
The shadow imp barely misses you. You furiously retaliate!
You headbutt the shadow imp. The crimson imp barely misses you.
Natasha claws you.
* * * LOW HITPOINT WARNING * * *
The white imp barely misses you. The shadow imp closely misses you.
Natasha completely misses you.
The crimson imp hits you but does no damage.
The white imp hits you but does no damage.
The shadow imp hits you.
You die...

............#.....
........#####.##..
.#.##.### ........
......# ...#...
.#.#### ##. #.#
...# #...#.# ...#
..#.#.#.## ...#
......h..# ...#
#.....5@5# ..##
###...5#.#########
.....
#.##............
..### #
###.######### ###
#.####.# #
#......# #
##.....## #
##.#####.##
##.#.....#.##


You could see Natasha, a crimson imp (summoned), a white imp (summoned) and a
shadow imp (summoned).

Vanquished Creatures
  Natasha (D:2)
  A dart slug (D:1)
  4 bats
  An endoplasm (D:2)
  A giant cockroach (D:1)
  2 goblins
  A hobgoblin (D:2)
  A quokka (D:1)
  9 kobolds (D:1)
21 creatures vanquished.

Notes
Turn   | Place    | Note
-------+----------+-------------------------------------------
     0 | D:1      | Darkkill the Minotaur Hunter began the quest for the Orb.
     0 | D:1      | Reached XP level 1. HP: 18/18 MP: 0/0
    96 | D:1      | Reached skill level 1 in Stealth
   191 | D:1      | Reached XP level 2. HP: 25/25 MP: 1/1
   782 | D:2      | Found a faded altar of an unknown god.
   786 | D:2      | Noticed Natasha
   797 | D:2      | Killed Natasha
   798 | D:2      | Reached XP level 3. HP: 16/31 MP: 2/2
   888 | D:2      | Noticed Natasha
   897 | D:2      | HP: 4/31 [Natasha (4)]
   899 | D:2      | Slain by a shadow imp

Illustrated notes

Levels and vault maps discovered:
D:1:      dpeg_arrival_connections, layout_basic, minmay_pentomino_r2
D:2:      layout_loops_cross, shapermc_ecumenical_altar_starsandcircs,
          uniq_natasha

Skill      XL: |  1  2 |
---------------+-------+-----
Stealth        | 1 |  1.6
Fighting       | 3 |  3.1
Ranged Weapons | |  4.7
Dodging        | |  2.9

Action                   || total
-------------------------++-------
 Fire: Shortbow          ||    66
  Use: Scroll            ||     4
Armor: Leather armour    ||     8
Dodge: Dodged            ||    21

Table legend: (Time is in decaauts)
 A = Elapsed time spent in this place.
 B = Non-inter-level travel time spent in this place.
 C = Inter-level travel time spent in this place.
 D = Time resting spent in this place.
 E = Time spent auto-exploring this place.
 F = Levels seen in this place.
 G = Mean time per level.
                   A        B        C        D        E       F      G
               +--------+--------+--------+--------+--------+-----+--------+
         Total |    923 |    923 |      0 |      0 |    771 |   2 |  461.5 |
       Dungeon |    923 |    923 |      0 |      0 |    771 |   2 |  461.5 |
               +--------+--------+--------+--------+--------+-----+--------+

Top non-repeatable levels by time:
     D:1: 624 daAuts
     D:2: 299 daAuts

Table legend:
 A = Kills in this place as a percentage of kills in entire the game.
 B = Kills by you in this place as a percentage of kills by you in the entire game.
 C = Kills by friends in this place as a percentage of kills by friends in the entire game.
 D = Other kills in this place as a percentage of other kills in the entire game.
 E = Experience gained in this place as a percentage of experience gained in the entire game.
 F = Experience gained in this place divided by the number of levels of this place that you have seen.
                   A       B       C       D       E      F
               +-------+-------+-------+-------+-------+----------------------
         Total | 100.0 | 100.0 |   N/A |   N/A | 100.0 |  35.5
       Dungeon | 100.0 | 100.0 |   N/A |   N/A | 100.0 |  35.5
               +-------+-------+-------+-------+-------+----------------------
